Map: Nightshade LE

Players

SpeCial - Winner!

  • Race: Terran Terran
  • Spawn Location: 5:00

Polt

  • Race: Terran Terran
  • Spawn Location: 11:00

Event: IEM Katowice 2020

VOD

Have the link to the VOD?

Description

Time

  • Played on: Feb. 25, 2020, 4:29 a.m.
  • Length: 13:07

All games in this series

Show
View Real Time Build Order
Export as new Build Order

SpeCial Terran - Winner!

Build Orders: Gas First Reaper Expand, Mech 

Get SALT Encoding   

  12  0:00  SCV  
  13  0:13  SCV  
  14  0:17  Supply Depot  
  14  0:25  SCV  
  14  0:27  Refinery  
  15  0:39  SCV  
  16  0:43  Barracks  
  16  0:51  SCV  
  17  1:03  SCV  
  18  1:15  SCV  
  19  1:31  Reaper, Orbital Command  
  20  1:44  Command Center  
  20  1:53  Factory  
  20  1:57  SCV  
  21  2:05  Reaper  
  22  2:08  Supply Depot  
  22  2:11  SCV  
  22  2:17  Refinery  
  22  2:23  SCV  
  23  2:35  SCV  
  26  2:37  Hellion  
  26  2:39  Marine  
  26  2:43  Starport  
  27  2:47  SCV  
  28  2:57  Orbital Command  
  30  2:58  Hellion  
  30  2:59  Barracks Tech Lab  
  30  3:02  SCV  
  31  3:14  SCV  
  34  3:20  Widow Mine  
  34  3:23  SCV  
  34  3:26  SCV, Banshee, Marine  
  40  3:32  Refinery  
  40  3:33  Supply Depot  
  40  3:36  SCV  
  41  3:41  Factory Tech Lab  
  41  3:45  SCV  
  41  3:48  SCV  
  43  3:54  Supply Depot  
  43  3:57  SCV  
  43  4:00  SCV  
  43  4:01  Cyclone  
  48  4:09  SCV, Raven  
  51  4:12  SCV  
  52  4:21  SCV  
  52  4:23  Command Center  
  53  4:25  SCV  
  53  4:31  Supply Depot  
  54  4:33  SCV  
  54  4:34  Cyclone  
  58  4:40  Mag-Field Accelerator  
  58  4:43  SCV, Supply Depot  
  59  4:46  SCV  
  60  4:55  SCV  
  60  4:57  Raven  
  60  4:58  SCV  
  64  5:00  Refinery  
  64  5:07  SCV  
  64  5:08  Supply Depot  
  64  5:09  Cyclone  
  64  5:10  SCV  
  69  5:19  SCV  
  70  5:22  SCV  
  71  5:28  Factory  
  71  5:31  SCV  
  71  5:34  SCV, Factory  
  73  5:36  Orbital Command  
  73  5:43  SCV, Cyclone  
  73  5:48  SCV  
  75  5:51  Barracks Reactor  
  75  5:54  Orbital Command  
  75  5:55  Supply Depot  
  75  5:56  SCV  
  76  6:03  SCV  
  77  6:07  Starport Reactor, Supply Depot  
  77  6:08  SCV  
  76  6:15  SCV  
  75  6:19  Supply Depot  
  75  6:20  SCV x2  
  75  6:21  Refinery  
  75  6:23  Refinery, Siege Tank x2  
  83  6:27  SCV  
  83  6:32  SCV x2  
  85  6:40  SCV  
  85  6:41  Hellion x2  
  85  6:44  SCV x2  
  89  6:52  SCV  
  90  6:55  Viking x2, Siege Tank x2  
  90  6:56  SCV  
  90  7:00  SCV  
  99  7:02  Hellion x2  
  99  7:03  Supply Depot  
  99  7:04  SCV  
  99  7:08  SCV  
  102  7:23  SCV x2, Hellion x2  
  102  7:27  Viking, Siege Tank x2  
  116  7:35  SCV  
  116  7:36  Engineering Bay  
  117  7:38  SCV  
  117  7:42  Viking  
  120  7:45  Hellion x2  
  118  7:53  SCV  
  107  7:59  Siege Tank  
  107  8:00  Siege Tank  
  107  8:01  Supply Depot  
  111  8:06  Hellion x2  
  111  8:08  Factory  
  111  8:09  Factory  
  111  8:11  Missile Turret  
  115  8:13  Missile Turret  
  115  8:14  Missile Turret x2  
  115  8:15  Viking x2, Supply Depot, Missile Turret  
  115  8:16  Sensor Tower  
  115  8:18  SCV  
  115  8:19  SCV x2  
  122  8:24  Infernal Pre-Igniter  
  122  8:27  Hellion x2  
  122  8:32  Siege Tank  
  129  8:38  Command Center  
  129  8:47  Armory  
  129  8:48  Armory  
  129  8:49  Hellion  
  129  8:50  Hellion, Liberator  
  136  8:58  Liberator  
  136  9:00  Factory Reactor  
  136  9:02  Factory Tech Lab  
  139  9:09  Command Center, Siege Tank  
  140  9:11  Hellion x2  
  140  9:12  Supply Depot  
  140  9:13  Supply Depot  
  140  9:14  Supply Depot  
  144  9:19  Siege Tank  
  147  9:32  Hellion  
  147  9:33  Hellion, Siege Tank  
  147  9:36  Supply Depot x3  
  152  9:41  Siege Tank  
  157  9:48  Terran Vehicle Weapons Level 1  
  157  9:49  Terran Vehicle And Ship Armor Level 1  
  153  9:54  Hellion x2  
  153  9:57  Hellion x2  
  153  9:58  Siege Tank  
  164  10:05  Siege Tank  
  167  10:13  Refinery, Siege Tank  
  170  10:14  Refinery  
  170  10:15  Hellion  
  170  10:16  Hellion  
  170  10:19  Hellion x2  
  171  10:29  Liberator  
  171  10:30  Siege Tank  
  177  10:36  Hellion  
  177  10:37  Hellion  
  177  10:38  Planetary Fortress, Hellion  
  177  10:40  Hellion x2  
  177  10:45  Siege Tank  
  180  10:57  Command Center  
  180  10:58  Hellion  
  180  10:59  Hellion, Siege Tank  
  180  11:01  Hellion  
  180  11:02  Siege Tank  
  185  11:08  SCV  
  185  11:10  SCV x2  
  176  11:17  Siege Tank  
  176  11:19  Command Center  
  176  11:20  SCV  
  176  11:22  SCV  
  178  11:28  SCV  
  178  11:31  Siege Tank  
  178  11:32  SCV  
  179  11:34  SCV, Siege Tank  
  179  11:36  Hellion x3  
  189  11:40  SCV  
  189  11:46  SCV x2  
  186  11:49  Factory, Siege Tank  
  186  11:50  Factory  
  189  11:59  Planetary Fortress  
  189  12:00  SCV  
  187  12:03  Siege Tank  
  187  12:05  Hellion x3  
  187  12:07  Siege Tank  
  195  12:12  SCV  
  196  12:16  Sensor Tower  
  196  12:21  Hellion  
  198  12:37  Hellion  
  200  12:44  Hellion  
  200  12:45  Factory Tech Lab x2  
Show
View Real Time Build Order
Export as new Build Order

Polt Terran 

Build Orders:  

Get SALT Encoding   

  12  0:00  SCV  
  13  0:12  SCV  
  14  0:17  Supply Depot  
  14  0:25  SCV  
  14  0:27  Refinery  
  15  0:38  SCV  
  16  0:44  Barracks  
  16  0:50  SCV  
  16  0:54  Refinery  
  17  1:03  SCV  
  18  1:15  SCV  
  19  1:30  Orbital Command  
  19  1:31  Reaper  
  20  1:35  Factory  
  20  1:42  Supply Depot  
  20  1:56  SCV  
  21  2:03  Reaper  
  21  2:08  SCV  
  23  2:18  Hellion  
  23  2:20  SCV  
  26  2:26  Command Center  
  26  2:32  SCV  
  26  2:35  Supply Depot, Reaper  
  28  2:40  Hellion  
  30  2:46  SCV  
  31  2:51  Starport  
  31  2:58  SCV  
  31  3:01  Factory Tech Lab  
  32  3:10  SCV  
  32  3:12  Barracks Tech Lab  
  33  3:20  Cyclone  
  33  3:22  SCV  
  37  3:35  SCV, Refinery  
  37  3:37  Orbital Command  
  37  3:40  Raven  
  40  3:47  SCV  
  41  3:50  Barracks Reactor  
  41  3:59  SCV  
  42  4:03  SCV  
  42  4:08  Command Center  
  43  4:11  SCV  
  43  4:14  Siege Tank  
  43  4:15  SCV  
  48  4:23  SCV, Supply Depot  
  49  4:28  SCV  
  50  4:34  Starport Reactor, Stimpack, Marine  
  50  4:35  SCV  
  52  4:40  SCV  
  52  4:45  Barracks x2  
  53  4:47  SCV  
  52  4:55  Marine  
  52  4:58  Siege Tank  
  52  4:59  SCV  
  57  5:03  Supply Depot  
  57  5:06  SCV  
  58  5:11  SCV  
  58  5:13  Marine  
  60  5:20  Orbital Command  
  61  5:21  SCV  
  61  5:23  SCV  
  61  5:26  Starport Reactor  
  62  5:31  Siege Tank  
  62  5:33  SCV  
  62  5:34  Marine x2  
  62  5:35  SCV  
  69  5:37  Marine  
  69  5:41  Marine x2  
  71  5:45  SCV  
  71  5:47  SCV  
  70  5:50  Engineering Bay  
  70  5:51  Engineering Bay  
  70  5:54  SCV  
  71  5:57  SCV  
  71  5:59  SCV  
  71  6:02  Orbital Command  
  71  6:03  Marine x5  
  78  6:10  Medivac x2  
  79  6:13  Siege Tank  
  79  6:18  SCV x2  
  84  6:19  Combat Shield  
  84  6:27  Supply Depot, Refinery  
  84  6:28  Supply Depot  
  77  6:48  Marine  
  77  6:49  SCV, Marine x4  
  77  6:50  Siege Tank  
  82  6:58  Medivac x2  
  84  7:02  SCV x2  
  84  7:07  Supply Depot  
  86  7:12  Command Center  
  86  7:14  Marine  
  86  7:15  Marine  
  86  7:16  Marauder, Marine  
  86  7:28  Marine  
  86  7:29  Siege Tank  
  90  7:33  Viking  
  90  7:34  Viking  
  94  7:38  Marauder, Marine  
  94  7:48  Marine x3  
  80  7:59  Marine  
  80  8:00  SCV x2, Marauder  
  80  8:01  Siege Tank  
  80  8:03  Medivac  
  80  8:04  Medivac  
  89  8:06  Marine x3  
  89  8:08  Barracks  
  89  8:09  Terran Infantry Weapons Level 1, Barracks, Terran Infantry Armor Level 1  
  89  8:12  SCV  
  93  8:14  SCV  
  94  8:24  SCV  
  94  8:26  SCV, Orbital Command  
  96  8:32  Marauder, Marine x4  
  102  8:34  Concussive Shells  
  102  8:36  SCV  
  102  8:38  SCV  
  102  8:40  Siege Tank  
  107  8:48  SCV  
  108  8:50  SCV  
  108  8:54  Supply Depot  
  108  8:55  Supply Depot  
  109  8:56  SCV, Supply Depot  
  109  8:59  Marauder, Marine x2, Barracks Tech Lab x2  
  109  9:00  SCV, Marine x2  
  117  9:16  SCV x3, Command Center, Factory  
  120  9:18  Armory  
  120  9:19  Siege Tank  
  123  9:28  SCV x3  
  123  9:29  Supply Depot x2  
  123  9:30  Refinery x2  
  127  9:38  Marauder  
  127  9:39  Marauder x2  
  127  9:41  Marine x4  
  135  9:49  SCV x3  
  138  9:57  Barracks  
  138  9:58  Barracks  
  138  9:59  Barracks  
  138  10:00  Supply Depot  
  138  10:03  SCV x3  
  141  10:07  Terran Infantry Weapons Level 2  
  141  10:13  Terran Infantry Armor Level 2  
  136  10:21  Siege Tank  
  136  10:22  Factory Tech Lab  
  136  10:28  Marauder x2, Marine x4  
  135  10:29  Marauder  
  138  10:35  Medivac x2  
  137  10:44  Marine  
  137  10:46  Marine x2  
  134  10:50  Marauder x3  
  131  11:00  Orbital Command  
  127  11:05  Marine  
  124  11:11  Marauder x3  
  121  11:23  Orbital Command  
  122  11:32  Marauder  
  121  11:47  Barracks Reactor, Marauder x2, Marine x4, Barracks Tech Lab x2  
  117  11:49  Siege Tank  
  117  11:54  Marauder  
  125  11:58  Thor  
  129  12:10  Marauder x4, Marine x4  
  129  12:15  Marauder  
  135  12:35  Marauder x4, Marine x6  
  135  12:37  Marauder  
  131  12:40  SCV x2  

Tags
 
Add a new tag
Caveats
  • Supply blocks, unpowered buildings, or Contaminate may cause inaccurate times.
  • Supply counts are checked every 10 seconds.